 Dungeon Sprint DCSS version 0.26-a0-667-g92642533e4 (webtiles) character file.

Game seed: 10353859484056268608

140 Conn the Thaumaturge (level 8, -2/48 HPs)
             Began as an Octopode Hedge Wizard on Oct 18, 2020.
             Was a High Priest of Sif Muna.
             Hit by a large rock thrown by a cyclops (37 damage)
             ... in the Dungeon (Sprint VI: "Thunderdome").
             The game lasted 00:15:12 (531 turns).

Conn the Thaumaturge (Octopode Hedge Wizard)         Turns: 531, Time: 00:15:22

Health: -2/48      AC:  1    Str: 23    XL:     8   Next: 35%
Magic:  6/24       EV: 15    Int: 30    God:    Sif Muna [*****.]
Gold:   40         SH:  0    Dex: 11    Spells: 21/32 levels left

rFire    . . .     SeeInvis +   a - +0 dagger
rCold    + . .     Faith    .   (no shield)
rNeg     + . .     Spirit   .   b - +0 hat
rPois    +         Reflect  .   n - amulet "Futal" {RegenMP Str+7}
rElec    .         Harm     .   m - ring "Belac" {rCorr Str+6}
rCorr    +         Rampage  .   o - ring of Peik {rPois MR+}
MR       ++...     NoTele   +   p - ring "Noacriet" {MR+ Int+6 SInv}
Stlth    ++++++....             j - ring of the Prince {Wiz Int+3}
HPRegen  0.16/turn              q - ring "Jopnacs" {Int+3 Stlth+}
MPRegen  0.44/turn              r - ring of Optimism {SInv Stlth+}
                                s - ring of Walos {*Slow rC+ rN+ SInv}
                                (no ring)

@: hasted, very quick
A: almost no armour, stealthy swim, amphibious, 8 rings, constrict 8, camouflage
1, gelatinous body 1
a: Channel Magic, Forget Spell, Divine Exegesis, Renounce Religion


You were in the Dungeon.
You worshipped Sif Muna.
Sif Muna was extremely pleased with you.
You visited 1 branch You collected 400 gold pieces.
You spent 360 gold pieces at shops.

Inventory:

Hand Weapons
 a - a +0 dagger (weapon)
Armour
 b - a +0 hat (worn)
Jewellery
 j - the ring of the Prince (on tentacle) {Wiz Int+3}
   (You bought it in a shop in the Dungeon)

   [ring of wizardry]

   It improves your spell success rate.
   It affects your intelligence (+3).
 m - the ring "Belac" (left tentacle) {rCorr Str+6}
   (You bought it in a shop in the Dungeon)

   [ring of resist corrosion]

   It affects your strength (+6).
   It provides partial protection from all sources of acid and corrosion.
 n - the amulet "Futal" (around mantle) {RegenMP Str+7}
   (You bought it in a shop in the Dungeon)

   [amulet of magic regeneration]

   It increases your magic regeneration.
   It affects your strength (+7).
 o - the ring of Peik (right tentacle) {rPois MR+}
   (You bought it in a shop in the Dungeon)

   [ring of protection from magic]

   It protects you from poison.
   It affects your resistance to hostile enchantments.
 p - the ring "Noacriet" (on tentacle) {MR+ Int+6 SInv}
   (You bought it in a shop in the Dungeon)

   [ring of intelligence]

   It affects your intelligence (+6).
   It affects your resistance to hostile enchantments.
   It lets you see invisible.
 q - the ring "Jopnacs" (on tentacle) {Int+3 Stlth+}
   (You bought it in a shop in the Dungeon)

   [ring of stealth]

   It affects your intelligence (+3).
   It makes you more stealthy.
 r - the ring of Optimism (on tentacle) {SInv Stlth+}
   (You bought it in a shop in the Dungeon)

   [ring of stealth]

   It lets you see invisible.
   It makes you more stealthy.
 s - the ring of Walos (on tentacle) {*Slow rC+ rN+ SInv}
   (You bought it in a shop in the Dungeon)

   [ring of see invisible]

   It protects you from cold.
   It protects you from negative energy.
   It lets you see invisible.
   It may slow you when you take damage.
Wands
 c - a wand of acid (2)
Scrolls
 i - 4 scrolls of blinking
 k - 3 scrolls of fog
Potions
 d - a potion of curing
 f - 3 potions of haste
 g - 2 potions of magic
 h - a potion of berserk rage
 l - a potion of resistance


   Skills:
 + Level 1.0 Fighting
 + Level 0.1 Short Blades
 + Level 5.0 Dodging
 - Level 6.0 Stealth
 * Level 12.5 Spellcasting
 * Level 6.9 Conjurations
 + Level 3.9 Summonings
 + Level 2.9 Translocations
 + Level 2.1 Air Magic
 + Level 2.8 Poison Magic
 * Level 2.0 Invocations
 + Level 2.5 Evocations


You had 21 spell levels left.
You knew the following spells:

 Your Spells              Type           Power        Failure   Level
a - Magic Dart            Conj           ####         1%          1
b - Blink                 Tloc           N/A          1%          2
c - Call Imp              Summ           #####...     1%          2
d - Conjure Flame         Conj/Fire      #####...     1%          3
e - Mephitic Cloud        Conj/Pois/Air  #####...     1%          3

Your spell library contained the following spells:

 Spells                   Type           Power        Failure   Level
 Searing Ray              Conj           ######       1%          2
 Slow                     Hex            ###.....     1%          2
 Sticky Flame             Conj/Fire      #####...     2%          4
 Lightning Bolt           Conj/Air       #####.....   4%          5
 Freezing Cloud           Conj/Ice/Air   #####.....   41%         6


Dungeon Overview and Level Annotations

Branches:
Dungeon (1/1)

Altars:
Cheibriados
Dithmenos
Fedhas
Gozag
Kikubaaqudgha
Makhleb
Okawaru
Qazlal
Ru
Sif Muna
Trog
Uskayaw
Vehumet
Wu Jian
Xom
Yredelemnul
Zin
The Shining One
Beogh
Jiyva
Lugonu

Shops:
D *[??*?*:[((!!!!


Innate Abilities, Weirdness & Mutations

You cannot wear most types of armour.
You are very stealthy in the water. (Stealth+)
You are amphibious.
You can wear up to eight rings at the same time.
You can use your tentacles to constrict eight enemies at once.
Your skin changes colour to match your surroundings (Stealth+).
Your rubbery body absorbs attacks. (AC +1, EV +1)


Message History

Really fire in your crimson imp's direction? [Y]es or [N]o only, please.
Really fire in your crimson imp's direction?
Okay, then.
Unknown command.
Unknown command.
Unknown command.
Casting: Magic Dart (safe; 1% risk of failure)
Confirm with . or Enter, or press ? or * to list all spells.
A beastly little devil appears in a puff of frigid air.
Your crimson imp completely misses the cyclops.
The cyclops closely misses your crimson imp.
Casting: Call Imp (safe; 1% risk of failure)
Confirm with . or Enter, or press ? or * to list all spells.
A beastly little devil appears in a puff of frigid air.
The cyclops seems less confused.
Your crimson imp hits the cyclops but does no damage.
The cyclops throws a large rock.
The large rock hits you!!!
Ouch! That really hurt!
You die...

#_....... #........
#_..†....
###.....)..
#⌠.........
######.8...†....
##.___......###..
###∩........8.# #.8
##5@..)........###..
#⌠....).(...###...##
#⌠.5....5...# #.<.#
#⌠..........###)..##
##....55.......###..
###∩...C.C..8.# #.8
##∩___......###..
######.8........
#§.........


You could see 2 cyclopes, 3 friendly crimson imps and 2 friendly white imps.

Vanquished Creatures
  2 merfolk (D)
  Sigmund (D)
  A hell hound (D)
  4 wolves (D)
  2 scorpions (D)
  Terence (D)
  An adder skeleton (D)
  A bat skeleton (D)
  4 giant cockroaches (D)
  A frilled lizard (D)
18 creatures vanquished.

Vanquished Creatures (collateral kills)
  A merfolk (D)
  A hell hound (D)
  A kobold (D)
3 creatures vanquished.

Grand Total: 21 creatures vanquished

Notes
Turn   | Place    | Note
-------+----------+-------------------------------------------
     0 | D        | Conn the Octopode Hedge Wizard began the quest for the Orb.
     0 | D        | Reached XP level 1. HP: 11/11 MP: 4/4
     1 | D        | Found a sacrificial altar of Ru.
     1 | D        | Found a radiant altar of Vehumet.
     2 | D        | Found a bloodstained altar of Trog.
     3 | D        | Found a shimmering blue altar of Sif Muna.
     3 | D        | Found an ornate altar of the Wu Jian Council.
     4 | D        | Found a basalt altar of Yredelemnul.
     4 | D        | Found a stormy altar of Qazlal.
     4 | D        | Found Roiso's Identification Station.
     5 | D        | Found Wuemole's Jewellery.
     5 | D        | Found Omodiqi's Advanced Armour.
     5 | D        | Round 1.
    11 | D        | Became a worshipper of Sif Muna the Loreminder
    14 | D        | Bought a faintly glowing granite ring for 45 gold pieces
    14 | D        | Bought a glittering zirconium amulet for 45 gold pieces
    14 | D        | Bought a heavily runed marble ring for 45 gold pieces
    14 | D        | Bought a serpentine lead ring for 45 gold pieces
    14 | D        | Identified the ring "Belac" {rCorr Str+6} (You bought it in
                  | a shop in the Dungeon)
    20 | D        | Identified the amulet "Futal" {RegenMP Str+7} (You bought
                  | it in a shop in the Dungeon)
    20 | D        | Identified the ring of Peik {rPois MR+} (You bought it in a
                  | shop in the Dungeon)
    21 | D        | Identified the ring "Noacriet" {MR+ Int+6 SInv} (You bought
                  | it in a shop in the Dungeon)
    25 | D        | Found a corrupted altar of Lugonu.
    30 | D        | Found a hide-covered altar of Uskayaw.
    32 | D        | Found Fetor's Premium Goods.
    32 | D        | Noticed Terence
    33 | D        | Found a burning altar of Makhleb.
    33 | D        | Found a viscous altar of Jiyva.
    33 | D        | Found an opulent altar of Gozag.
    33 | D        | Found Peyprit's Weapon Rack.
    33 | D        | Found Fosayl's Miscellaneous Merchandise.
    33 | D        | Found Gubepped's Basic Armour.
    36 | D        | Killed Terence
    36 | D        | Reached skill level 5 in Spellcasting
    36 | D        | Reached XP level 2. HP: 17/17 MP: 5/8
    36 | D        | Reached XP level 3. HP: 21/21 MP: 5/9
    40 | D        | Learned a level 2 spell: Blink
    43 | D        | Learned a level 2 spell: Call Imp
    47 | D        | Learned a level 3 spell: Conjure Flame
    51 | D        | Learned a level 3 spell: Mephitic Cloud
    56 | D        | Found a snail-covered altar of Cheibriados.
    58 | D        | Found a roughly hewn altar of Beogh.
    59 | D        | Found Iroosmol's Do-It-Yourself Clinic.
    60 | D        | Found Peprikuf's Bottled Wisdom.
    60 | D        | Found Gonkebah's Distillery.
    60 | D        | Found a glowing silver altar of Zin.
    60 | D        | Found an ancient bone altar of Kikubaaqudgha.
    60 | D        | Found a shadowy altar of Dithmenos.
    60 | D        | Found Jawaff's Distillery.
    64 | D        | Found a blossoming altar of Fedhas.
    67 | D        | Found an iron altar of Okawaru.
    67 | D        | Found a glowing golden altar of the Shining One.
    68 | D        | Found Arior's Staff Store.
    69 | D        | Found Niasm's Must-Have Magic.
    69 | D        | Found Wuhaw's Magic Scroll Shop.
    70 | D        | Found a shimmering altar of Xom.
    70 | D        | Found Mukhlivvi's Magic Scroll Shop.
   108 | D        | Reached * piety under Sif Muna
   112 | D        | Noticed Sigmund
   148 | D        | Killed Sigmund
   148 | D        | Reached ** piety under Sif Muna
   148 | D        | Arena points: 14 (+14) [x2]
   148 | D        | Reached skill level 8 in Spellcasting
   148 | D        | Reached skill level 1 in Evocations
   148 | D        | Reached XP level 4. HP: 27/27 MP: 7/14
   148 | D        | Reached XP level 5. HP: 31/31 MP: 7/15
   185 | D        | Round 2.
   200 | D        | Reached skill level 9 in Spellcasting
   200 | D        | Reached skill level 1 in Poison Magic
   212 | D        | Reached XP level 6. HP: 18/36 MP: 10/18
   219 | D        | Reached *** piety under Sif Muna
   221 | D        | Arena points: 56 (+42) [x3]
   253 | D        | Round 3.
   261 | D        | Noticed a hell hound
   270 | D        | Killed a hell hound
   270 | D        | Reached skill level 5 in Stealth
   270 | D        | Reached skill level 10 in Spellcasting
   270 | D        | Reached skill level 1 in Air Magic
   292 | D        | Reached skill level 5 in Conjurations
   299 | D        | Reached **** piety under Sif Muna
   299 | D        | Reached skill level 11 in Spellcasting
   299 | D        | Reached XP level 7. HP: 3/41 MP: 10/21
   384 | D        | Arena points: 140 (+84) [x4]
   403 | D        | Bought a faintly glowing lead ring for 45 gold pieces
   403 | D        | Bought a smoking copper ring for 45 gold pieces
   403 | D        | Bought a bound copper ring for 45 gold pieces
   403 | D        | Bought a shimmering ivory ring for 45 gold pieces
   404 | D        | Identified the ring of the Prince {Wiz Int+3} (You bought
                  | it in a shop in the Dungeon)
   405 | D        | Identified the ring "Jopnacs" {Int+3 Stlth+} (You bought it
                  | in a shop in the Dungeon)
   406 | D        | Identified the ring of Optimism {SInv Stlth+} (You bought
                  | it in a shop in the Dungeon)
   407 | D        | Identified the ring of Walos {*Slow rC+ rN+ SInv} (You
                  | bought it in a shop in the Dungeon)
   438 | D        | Round 4.
   439 | D        | Noticed a merfolk
   462 | D        | Killed a merfolk
   462 | D        | Reached skill level 12 in Spellcasting
   462 | D        | Reached XP level 8. HP: 42/47 MP: 18/24
   485 | D        | Noticed a merfolk
   494 | D        | Noticed a merfolk
   498 | D        | Killed a merfolk
   498 | D        | Reached ***** piety under Sif Muna
   498 | D        | Identified Sif Muna's Tome of Battle Magic (Sif Muna gifted
                  | it to you in the Dungeon)
   498 | D        | Received a gift from Sif Muna
   498 | D        | Reached skill level 1 in Invocations
   509 | D        | Noticed a cyclops
   520 | D        | Killed a merfolk
   520 | D        | Reached skill level 1 in Fighting
   520 | D        | Reached skill level 5 in Dodging
   525 | D        | Noticed a cyclops
   531 | D        | Hit by a large rock thrown by a cyclops

Illustrated notes

Levels and vault maps discovered:
D:        arena_sprint

Skill      XL: |  1  2  3  4  5  6  7  8 |
---------------+-------------------------+-----
Stealth        | 3 4 5 6 |  6.0
Dodging        | 3 4 5 |  5.0
Spellcasting   | 5 8 9 11 12 | 12.5
Conjurations   | 2 3 5 6 |  6.9
Evocations     | 1 2 |  2.5
Summonings     | 2 3 |  3.9
Poison Magic   | 1 2 |  2.8
Air Magic      | 1 2 |  2.1
Translocations | 2 |  2.9
Invocations    | 2 |  2.0
Fighting       | 1 |  1.0
Short Blades   | |  0.1

Action                   |  1- 3 |  4- 6 |  7- 9 || total
-------------------------+-------+-------+-------++-------
Melee: Dagger            |     3 |    12 |     7 ||    22
       Constrict         |     1 |     6 |     2 ||     9
       Tentacles         |       |     2 |     2 ||     4
 Cast: Magic Dart        |     7 |    21 |    24 ||    52
       Call Imp          |     5 |       |    14 ||    19
       Mephitic Cloud    |     1 |     4 |     4 ||     9
       Blink             |       |     2 |     5 ||     7
Evoke: Wand              |     2 |     2 |     4 ||     8
  Use: Potion            |       |     2 |     5 ||     7
 Stab: Confused          |     1 |     1 |     1 ||     3
Armor: Skin              |     2 |     3 |       ||     5
Dodge: Dodged            |     4 |    14 |    10 ||    28

Table legend: (Time is in decaauts)
 A = Elapsed time spent in this place.
 B = Non-inter-level travel time spent in this place.
 C = Inter-level travel time spent in this place.
 D = Time resting spent in this place.
 E = Time spent auto-exploring this place.
 F = Levels seen in this place.
 G = Mean time per level.
                   A        B        C        D        E       F      G
               +--------+--------+--------+--------+--------+-----+--------+
         Total |    521 |    521 |      0 |      5 |      0 |   1 |  521.0 |
       Dungeon |    521 |    521 |      0 |      5 |      0 |   1 |  521.0 |
               +--------+--------+--------+--------+--------+-----+--------+

Top non-repeatable levels by time:
       D: 521 daAuts
